 Dungeon Crawl Stone Soup version 0.29-a0-119-g4040846114 (webtiles) character file.

Game seed: 5666482432244902601

1360 ZeroWinrate the Thrower (level 8, 0/67 HPs)
             Began as a Gnoll Wanderer on Feb 20, 2022.
             Succumbed to a water moccasin's poison
             ... on level 4 of the Dungeon.
             The game lasted 00:13:31 (5987 turns).

ZeroWinrate the Thrower (Gnoll Wanderer)            Turns: 5987, Time: 00:13:32

Health: 0/67       AC:  9    Str: 12    XL:     8   Next: 64%
Magic:  9/17       EV: 11    Int: 13    God:
Gold:   199        SH:  0    Dex: 12    Spells: 6/19 levels left

rFire   . . .      SeeInvis .   l - +2 dagger (holy)
rCold   . . .      Faith    .   (no shield)
rNeg    . . .      Spirit   +   m - +3 ring mail {Will+}
rPois   .          Reflect  .   (no helmet)
rElec   .          Harm     .   (no cloak)
rCorr   .          Rampage  .   c - +0 pair of gloves
Will    +....                   (no boots)
Stlth   ++........              s - amulet of guardian spirit
HPRegen 0.21/turn               (no ring)
MPRegen 0.15/turn               (no ring)

@: lethally poisoned (0 -> -10)
A: fangs 1, strong nose, distributed training, mutation resistance 1
a: no special abilities


You were on level 4 of the Dungeon.
You visited 1 branch of the dungeon, and saw 5 of its levels.

You collected 199 gold pieces.

Inventory:

Hand Weapons
 a - a +2 dagger
 f - a +0 shortbow
 l - a +2 dagger of holy wrath (weapon)
Missiles
 n - 26 arrows
Armour
 c - a +0 pair of gloves (worn)
 d - a +0 leather armour
 e - the +1 buckler of Hups {Str+4}
   (You acquired it on level 4 of the Dungeon)

   Str:       It affects your strength (+4).
 m - a +3 ring mail of willpower (worn)
Jewellery
 s - an amulet of guardian spirit (around neck)
Wands
 u - a wand of digging (6)
Scrolls
 h - a scroll of magic mapping {unknown}
 i - 2 scrolls of teleportation
 k - 2 scrolls of fear {unknown}
 o - a scroll of blinking {unknown}
 r - a scroll of summoning {unknown}
 v - a scroll of noise {unknown}


   Skills:
 + Level 7.4 Fighting
 + Level 3.4 Short Blades
 + Level 3.4 Long Blades
 + Level 3.4 Axes
 + Level 3.4 Maces & Flails
 + Level 3.4 Polearms
 + Level 3.4 Staves
 + Level 3.4 Slings
 + Level 3.4 Bows
 + Level 3.4 Crossbows
 + Level 9.2 Throwing
 + Level 3.4 Armour
 + Level 3.4 Dodging
 + Level 4.2 Stealth
 + Level 3.4 Shields
 + Level 3.4 Unarmed Combat
 + Level 6.1 Spellcasting
 + Level 2.8 Conjurations
 + Level 2.8 Hexes
 + Level 2.8 Summonings
 + Level 2.8 Necromancy
 + Level 2.8 Translocations
 + Level 2.8 Transmutations
 + Level 2.8 Fire Magic
 + Level 2.8 Ice Magic
 + Level 2.8 Air Magic
 + Level 2.8 Earth Magic
 + Level 2.8 Poison Magic
 + Level 3.8 Invocations
 + Level 3.4 Evocations


You had 6 spell levels left.
You knew the following spells:

 Your Spells              Type           Power      Damage    Failure   Level
a - Slow                  Hex            44%        N/A       11%         1
b - Conjure Flame         Conj/Fire      11%        6-21      32%         3
c - Ignite Poison         Fire/Tmut/Pois 11%        N/A       32%         3
d - Confusing Touch       Hex            11%        N/A       32%         3
e - Vampiric Draining     Necr           11%        2d6       32%         3

Your spell library contained the following spells:

 Spells                   Type           Power      Damage    Failure   Level
 Animate Skeleton         Necr           22%        N/A       11%         1
 Pain                     Necr           44%        1d6       11%         1
 Sticky Flame             Conj/Fire      11%        2d3       73%         4


Dungeon Overview and Level Annotations

Branches:
Dungeon (5/15)
 Temple: D:4-7

Altars:
Gozag
The Shining One


Innate Abilities, Weirdness & Mutations

You have very sharp teeth.
Your uncanny sense of smell can sniff out nearby items.
Your experience applies equally to all skills.
You are somewhat resistant to further mutation.


Message History

The water moccasin bites you.
You closely miss the water moccasin.
The water moccasin is severely wounded.
You feel very sick.
The water moccasin bites you but does no damage.
You hit the water moccasin.
The water moccasin is severely wounded.
You feel sick.
The water moccasin bites you but does no damage.
You closely miss the water moccasin.
The water moccasin is severely wounded.
You feel sick.
The water moccasin bites you but does no damage.
You miss the water moccasin.
The water moccasin is severely wounded.
You feel sick. The water moccasin bites you!
* * * LOW HITPOINT WARNING * * *
You closely miss the water moccasin.
The water moccasin is severely wounded.
You feel sick. The water moccasin bites you.
* * * LOW HITPOINT WARNING * * *
You are lethally poisoned!
The water moccasin poisons you!
You aren't carrying any potions.
You aren't carrying any potions.
You aren't carrying any potions.
You aren't carrying any potions.
As you read the scroll of teleportation, it crumbles to dust.
You feel strangely unstable.
* * * LOW HITPOINT WARNING * * *
You feel very sick.
The water moccasin bites you but does no damage.
The water moccasin closely misses you.
Unknown command.
* * * LOW HITPOINT WARNING * * *
You feel very sick.
Your surroundings suddenly seem different.
* * * LOW HITPOINT WARNING * * *
You feel very sick.
You die...

######### ########### #.......#
######.........# #
#.......####....@.........# #
..........##..............# #
..........##..............# ###
..........##........###########..
..........##........####.........
....########.....##....+.........
..##########.....##.#.##.........
..<.............................#
.)#......###.............#.###..#


There were no monsters in sight!

Vanquished Creatures
  An ice beast (D:4)
  2 necrophages
  4 ogres (D:4)
  A phantom (D:4)
  2 centaurs
  A bullfrog (D:4)
  A scorpion (D:5)
  A water moccasin skeleton (D:4)
  A killer bee (D:4)
  2 bullfrog skeletons
  A centaur skeleton (D:4)
  An iguana (D:4)
  Jessica (D:3)
  Terence (D:3)
  4 adders
  3 gnolls (D:5)
  A howler monkey skeleton (D:4)
  4 worms
  5 dart slugs
  An orc (D:4)
  7 ball pythons
  6 bats
  6 endoplasms
  4 giant cockroaches
  10 goblins
  2 hobgoblins
  2 jackals (D:3)
  A quokka (D:1)
  4 frilled lizards
  6 kobolds
  6 rats
92 creatures vanquished.

Vanquished Creatures (others)
  2 fungi (D:2)
  4 plants (D:2)
6 creatures vanquished.

Grand Total: 98 creatures vanquished

Notes
Turn   | Place    | Note
-------+----------+-------------------------------------------
     0 | D:1      | ZeroWinrate the Gnoll Wanderer began the quest for the Orb.
     0 | D:1      | ZeroWinrate set off with the following items: a +2 dagger,
                  | 3 curare-tipped darts, a +0 pair of gloves, a +0 leather
                  | armour; and the following spell memorised: Slow; and the
                  | following spells available to memorise: Confusing Touch
     0 | D:1      | Reached XP level 1. HP: 23/23 MP: 6/6
   154 | D:1      | Reached XP level 2. HP: 28/29 MP: 7/7
   669 | D:1      | Reached XP level 3. HP: 30/35 MP: 9/9
   744 | D:1      | Reached skill level 5 in Spellcasting
   962 | D:2      | Reached skill level 1 in Short Blades
   962 | D:2      | Reached skill level 1 in Long Blades
   962 | D:2      | Reached skill level 1 in Axes
   962 | D:2      | Reached skill level 1 in Maces & Flails
   962 | D:2      | Reached skill level 1 in Polearms
   962 | D:2      | Reached skill level 1 in Staves
   962 | D:2      | Reached skill level 1 in Slings
   962 | D:2      | Reached skill level 1 in Bows
   962 | D:2      | Reached skill level 1 in Crossbows
   962 | D:2      | Reached skill level 1 in Armour
   962 | D:2      | Reached skill level 1 in Dodging
   962 | D:2      | Reached skill level 1 in Shields
   962 | D:2      | Reached skill level 1 in Unarmed Combat
   962 | D:2      | Reached skill level 1 in Invocations
   962 | D:2      | Reached skill level 1 in Evocations
   962 | D:2      | Reached XP level 4. HP: 29/41 MP: 11/11
  1673 | D:2      | Found a faded altar of an unknown god.
  1863 | D:3      | Reached skill level 1 in Conjurations
  1863 | D:3      | Reached skill level 1 in Hexes
  1863 | D:3      | Reached skill level 1 in Summonings
  1863 | D:3      | Reached skill level 1 in Necromancy
  1863 | D:3      | Reached skill level 1 in Translocations
  1863 | D:3      | Reached skill level 1 in Transmutations
  1863 | D:3      | Reached skill level 1 in Fire Magic
  1863 | D:3      | Reached skill level 1 in Ice Magic
  1863 | D:3      | Reached skill level 1 in Air Magic
  1863 | D:3      | Reached skill level 1 in Earth Magic
  1863 | D:3      | Reached skill level 1 in Poison Magic
  2103 | D:3      | Noticed Terence
  2116 | D:3      | Killed Terence
  2117 | D:3      | Reached XP level 5. HP: 33/47 MP: 12/12
  2287 | D:3      | Noticed Jessica
  2305 | D:3      | Killed Jessica
  2607 | D:4      | Noticed an ogre
  2616 | D:4      | Killed an ogre
  2617 | D:4      | Reached XP level 6. HP: 53/53 MP: 13/13
  2865 | D:4      | Noticed a necrophage
  2892 | D:4      | Killed a necrophage
  3199 | D:4      | Found a glowing golden altar of the Shining One.
  3300 | D:4      | Reached XP level 7. HP: 22/59 MP: 15/15
  3887 | D:4      | Learned a level 3 spell: Conjure Flame
  3891 | D:4      | Learned a level 3 spell: Ignite Poison
  3895 | D:4      | Learned a level 3 spell: Confusing Touch
  3899 | D:4      | Learned a level 3 spell: Vampiric Draining
  3944 | D:4      | Reached skill level 9 in Throwing
  4121 | D:4      | Reached XP level 8. HP: 19/67 MP: 12/16
  4125 | D:4      | Gained mutation: You are somewhat resistant to further
                  | mutation. [potion of mutation]
  4553 | D:5      | Entered Level 5 of the Dungeon
  4581 | D:4      | HP: 1/67 [howler monkey (7)]
  5011 | D:5      | Found an opulent altar of Gozag.
  5046 | D:4      | HP: 3/67 [poisoned by a water moccasin]
  5465 | D:4      | Identified a scroll of acquirement
  5466 | D:4      | Acquired the +1 buckler of Hups {Str+4}
  5986 | D:4      | HP: 2/67 [poisoned by a water moccasin]
  5987 | D:4      | Succumbed to a water moccasin's poison

Illustrated notes

Levels and vault maps discovered:
D:1:      minmay_arrival_checkered_box, layout_rooms, minmay_tetromino_o4
D:2:      layout_basic, shapermc_ecumenical_altar_mp_ritualfount
D:3:      layout_rooms, uniq_terence, uniq_jessica
D:4:      cheibrodos_barr_body, layout_basic,
          mainiacjoe_overflow_surrounded_room, minmay_misc_feat_hallway,
          hangedman_abyss_or_decor_passed
D:5:      layout_basic, hangedman_feature_mirror, kb_lookout_dungeons_type,
          uniq_prince_ribbit1

Skill      XL: |  1  2  3  4  5  6  7  8 |
---------------+-------------------------+-----
Spellcasting   | 5 6 |  6.1
Short Blades   | 1 2 3 |  3.4
Long Blades    | 1 2 3 |  3.4
Axes           | 1 2 3 |  3.4
Maces & Flails | 1 2 3 |  3.4
Polearms       | 1 2 3 |  3.4
Staves         | 1 2 3 |  3.4
Slings         | 1 2 3 |  3.4
Bows           | 1 2 3 |  3.4
Crossbows      | 1 2 3 |  3.4
Armour         | 1 2 3 |  3.4
Dodging        | 1 2 3 |  3.4
Shields        | 1 2 3 |  3.4
Unarmed Combat | 1 2 3 |  3.4
Invocations    | 1 2 3 |  3.8
Evocations     | 1 2 3 |  3.4
Conjurations   | 1 2 |  2.8
Hexes          | 1 2 |  2.8
Summonings     | 1 2 |  2.8
Necromancy     | 1 2 |  2.8
Translocations | 1 2 |  2.8
Transmutations | 1 2 |  2.8
Fire Magic     | 1 2 |  2.8
Ice Magic      | 1 2 |  2.8
Air Magic      | 1 2 |  2.8
Earth Magic    | 1 2 |  2.8
Poison Magic   | 1 2 |  2.8
Stealth        | 3 4 |  4.2
Fighting       | 7 |  7.4
Throwing       | 9 |  9.2

Action                   |  1- 3 |  4- 6 |  7- 9 || total
-------------------------+-------+-------+-------++-------
Melee: Dagger            |   106 |   181 |   142 ||   429
       Bite              |    11 |    23 |    16 ||    50
       Punch             |     3 |     4 |     3 ||    10
Throw: Dart              |       |     9 |    13 ||    22
 Cast: Ignite Poison     |       |       |     1 ||     1
Evoke: Wand              |       |       |    17 ||    17
  Use: Scroll            |       |       |     9 ||     9
       Potion            |       |       |     3 ||     3
 Stab: Sleeping          |     2 |     5 |     1 ||     8
Armor: Leather armour    |    37 |     5 |       ||    42
       Ring mail         |       |    78 |    67 ||   145
Dodge: Dodged            |    59 |    85 |   103 ||   247
Block: Buckler           |       |       |    11 ||    11

Table legend: (Time is in decaauts)
 A = Elapsed time spent in this place.
 B = Non-inter-level travel time spent in this place.
 C = Inter-level travel time spent in this place.
 D = Time resting spent in this place.
 E = Time spent auto-exploring this place.
 F = Levels seen in this place.
 G = Mean time per level.
                   A        B        C        D        E       F      G
               +--------+--------+--------+--------+--------+-----+--------+
         Total |   5949 |   5821 |    128 |   2294 |   2538 |   5 | 1189.8 |
       Dungeon |   5949 |   5821 |    128 |   2294 |   2538 |   5 | 1189.8 |
               +--------+--------+--------+--------+--------+-----+--------+

Top non-repeatable levels by time:
     D:4: 3263 daAuts
     D:1: 917 daAuts
     D:2: 887 daAuts
     D:3: 788 daAuts
     D:5: 92 daAuts
